Map: Ultralove

Players

SubN

  • Race: Zerg Zerg
  • League: Diamond
  • Spawn Location: 1:00

Hilbert - Winner!

  • Race: Terran Terran
  • League: Diamond
  • Spawn Location: 7:00

VOD

Have the link to the VOD?

Description

Time

  • Played on: July 31, 2025, 3:50 p.m.
  • Length: 14:03
Show
View Real Time Build Order
Export as new Build Order

SubN Zerg 

Build Orders: Pool First 

Get SALT Encoding   

  12  0:00  Drone  
  13  0:12  Overlord  
  13  0:18  Drone  
  14  0:30  Drone x2  
  16  0:42  Spawning Pool  
  15  0:44  Drone  
  15  0:49  Drone  
  17  0:56  Drone  
  18  0:58  Extractor  
  17  1:12  Hatchery  
  17  1:16  Drone  
  17  1:18  Drone  
  18  1:28  Drone  
  19  1:33  Queen  
  19  1:39  Overlord  
  21  1:54  Drone  
  22  1:58  Roach Warren  
  21  2:15  Zergling x4  
  24  2:28  Overlord  
  24  2:39  Overlord  
  24  2:47  Spine Crawler  
  24  2:50  Roach x3  
  29  2:53  Overlord  
  29  3:04  Roach  
  31  3:14  Roach x4  
  38  3:25  Ravager  
  39  3:31  Zergling x2  
  40  3:44  Ravager  
  40  3:45  Zergling x2  
  40  3:46  Zergling x6  
  45  3:50  Zergling x2  
  46  4:07  Queen  
  36  4:25  Roach  
  36  4:26  Roach x3  
  44  4:39  Zergling x2  
  44  4:44  Hatchery, Overlord x2  
  44  4:55  Hatchery  
  44  4:56  Ravager  
  44  4:59  Zergling x2  
  45  5:11  Drone x3  
  48  5:24  Ravager  
  48  5:27  Zergling x2  
  48  5:28  Zergling x2  
  51  5:44  Zergling x2  
  51  5:45  Zergling x6  
  29  6:30  Lair  
  29  6:37  Spine Crawler, Queen  
  29  6:38  Queen  
  32  6:40  Roach  
  32  6:41  Roach x4  
  32  6:45  Spine Crawler  
  42  6:47  Drone x2  
  42  6:48  Drone  
  42  6:50  Spine Crawler, Extractor  
  42  6:57  Drone x3  
  45  7:10  Drone x3  
  45  7:14  Drone  
  45  7:15  Drone  
  50  7:18  Drone  
  51  7:24  Metabolic Boost  
  51  7:27  Drone  
  52  7:30  Drone  
  52  7:32  Drone  
  54  7:45  Glial Reconstitution  
  54  7:47  Drone x4  
  54  7:50  Extractor  
  57  7:53  Drone x2  
  59  8:04  Drone x5  
  64  8:11  Drone  
  65  8:13  Overlord  
  65  8:29  Overlord x2  
  65  8:42  Drone x8  
  73  8:52  Overlord x2  
  73  8:59  Drone  
  73  9:00  Infestation Pit  
  73  9:03  Extractor  
  73  9:08  Overlord x2  
  72  9:18  Drone x3  
  72  9:19  Drone x3  
  72  9:20  Drone x3  
  81  9:30  Drone  
  81  9:31  Drone x3  
  84  9:32  Extractor  
  84  9:40  Hydralisk Den  
  84  9:41  Drone x3  
  84  9:42  Extractor  
  85  9:50  Zergling x2  
  85  9:51  Zergling x14  
  93  10:03  Infestor x2  
  93  10:04  Infestor x3  
  100  10:09  Queen  
  100  10:10  Zergling x2  
  100  10:11  Zergling x8  
  104  10:18  Zergling x2, Hatchery, Extractor  
  104  10:19  Zergling x6  
  104  10:21  Extractor  
  102  10:27  Zergling x8  
  102  10:28  Zergling x2  
  86  10:45  Zergling x14  
  86  10:46  Zergling x6  
  95  10:52  Zergling x2  
  95  10:53  Zergling x4  
  95  10:55  Grooved Spines  
  98  11:05  Hydralisk x7  
  112  11:12  Overlord x2  
  112  11:14  Overseer  
  112  11:17  Drone x2  
  114  11:19  Drone  
  114  11:20  Drone, Baneling Nest  
  114  11:21  Drone  
  89  11:37  Zergling x2  
  89  11:38  Zergling x16  
  94  11:45  Muscular Augments  
  74  11:54  Zergling x2  
  74  11:55  Zergling x16  
  74  12:00  Queen  
  83  12:02  Queen  
  83  12:06  Centrifugal Hooks  
  85  12:14  Hydralisk x3  
  91  12:17  Infestor  
  91  12:20  Zergling x6  
  96  12:25  Drone x3  
  99  12:36  Queen  
  99  12:37  Drone x2  
  103  12:44  Evolution Chamber x2  
  103  12:47  Hive  
  101  12:53  Zergling x2  
  101  12:54  Zergling x14  
  81  13:29  Zergling x2  
  81  13:30  Zergling x40  
  103  13:45  Baneling x4  
Show
View Real Time Build Order
Export as new Build Order

Hilbert Terran - Winner!

Build Orders: Mech 

Get SALT Encoding   

  12  0:02  SCV  
  13  0:14  SCV  
  13  0:18  Supply Depot  
  14  0:26  SCV  
  15  0:43  Barracks  
  15  0:50  Barracks  
  15  0:56  SCV  
  16  1:05  Refinery  
  16  1:11  Supply Depot  
  16  1:13  SCV  
  17  1:25  SCV  
  18  1:30  Marine  
  19  1:37  Marine  
  20  1:40  Orbital Command  
  20  1:47  Marine  
  21  1:55  Marine  
  22  2:04  Bunker  
  22  2:05  Marine  
  23  2:12  Marine  
  23  2:13  SCV  
  23  2:14  Supply Depot  
  25  2:23  Marine  
  26  2:33  Marine  
  27  2:41  Marine  
  28  2:46  Bunker  
  28  2:52  Refinery  
  28  3:01  Factory  
  28  3:04  SCV  
  29  3:14  Barracks Tech Lab  
  29  3:19  SCV  
  30  3:32  SCV  
  31  3:36  Command Center  
  31  3:44  Factory Tech Lab, SCV  
  32  3:56  Factory, SCV  
  33  4:05  Siege Tank  
  26  4:27  SCV  
  27  4:34  Command Center  
  27  4:39  SCV  
  27  4:41  Factory Tech Lab  
  28  4:49  Supply Depot  
  28  4:51  Orbital Command  
  28  4:55  Siege Tank  
  31  5:02  Siege Tank  
  34  5:36  Cyclone  
  34  5:41  Cyclone  
  40  5:54  Orbital Command x2  
  40  6:01  Factory  
  28  6:28  Cyclone x2  
  28  6:31  SCV x3  
  37  6:43  SCV x3  
  40  6:48  Factory Reactor  
  40  6:55  SCV  
  40  6:56  SCV x2  
  43  7:07  Refinery, SCV  
  43  7:08  SCV x2, Siege Tank  
  49  7:09  Refinery  
  49  7:19  SCV  
  49  7:20  SCV  
  51  7:25  Hellion x2  
  55  7:31  Supply Depot  
  55  7:32  Supply Depot  
  55  7:33  Supply Depot  
  55  7:34  Supply Depot  
  55  7:36  Siege Tank  
  58  7:39  SCV x3  
  61  7:44  Supply Depot  
  61  7:45  Supply Depot x2  
  61  7:46  Hellion x2  
  65  7:51  SCV x2  
  65  7:52  SCV  
  68  8:01  Cyclone  
  68  8:03  Factory  
  71  8:05  Orbital Command  
  71  8:12  Command Center  
  71  8:21  Siege Tank  
  74  8:32  SCV  
  74  8:33  Siege Tank, SCV x2  
  80  8:44  SCV  
  80  8:45  SCV x2  
  80  8:48  Hellion x2  
  87  8:52  Factory Tech Lab  
  87  8:53  Cyclone  
  90  8:55  Refinery  
  90  8:56  Refinery  
  90  8:57  SCV x3  
  93  9:05  Cyclone  
  96  9:10  Hellion x2  
  96  9:12  Cyclone  
  103  9:20  Supply Depot  
  103  9:21  Supply Depot  
  103  9:24  Armory  
  103  9:26  Armory  
  103  9:37  Cyclone x2  
  111  9:38  Hellion  
  111  9:39  Hellion  
  111  9:59  Hellion  
  115  10:00  Hellion x2  
  117  10:10  Hellion x2  
  117  10:13  Infernal Pre-Igniter  
  121  10:32  Hellion x5  
  117  10:53  Hellion x2, Cyclone x3  
  130  11:03  Terran Vehicle Weapons Level 1  
  129  11:04  Terran Vehicle And Ship Armor Level 1  
  129  11:14  Hellion  
  129  11:15  Hellion  
  129  11:17  Command Center  
  131  11:25  Siege Tank x2  
  131  11:26  Siege Tank  
  91  12:04  Hellion x5  
  101  12:09  SCV x3  
  101  12:14  Factory x2  
  104  12:21  SCV x3  
  107  12:23  Engineering Bay  
  107  12:25  Hellion x3  
  107  12:26  Hellion x2  
  117  12:40  Orbital Command  
  117  12:46  Hellion, Cyclone  
  117  12:47  Hellion, Cyclone x2  
  117  12:49  Planetary Fortress  
  130  12:51  SCV x2  
  130  12:52  SCV  
  130  12:55  Refinery  
  130  12:56  Refinery  
  133  12:59  Factory Reactor  
  133  13:00  Factory Tech Lab  
  133  13:08  Hellion x2  
  137  13:19  Cyclone x3  
  133  13:29  Hellion  
  131  13:41  Hellion  
  131  13:42  Hellion  
Tags
 
Composition
Mech
Matchup
TvZ
Opening
Pool First
Replay Pack
Multiplayer
Spawn Locations
Cross Positions
Add a new tag
Caveats
  • Supply blocks, unpowered buildings, or Contaminate may cause inaccurate times.
  • Supply counts are checked every 10 seconds.